 Dungeon Crawl Stone Soup version 0.31.0-32-g396128a36d (webtiles) character file.

Game seed: 113988326240235034

192104 AdnanSaban the Bludgeoner (level 18, -2/183 HPs)
             Began as a Gargoyle Fighter on Apr 18, 2024.
             Was the Champion of Okawaru.
             Hit by a silver javelin thrown by a merfolk javelineer (18 damage)
             ... on level 1 of the Shoals.
             The game lasted 00:50:33 (29130 turns).

AdnanSaban the Bludgeoner (Gargoyle Fighter)       Turns: 29130, Time: 00:50:33

Health: -2/183     AC: 33    Str: 31 (33) XL:     18   Next: 22%
Magic:  20/25      EV:  2    Int:  9 (10) God:    Okawaru [******]
Gold:   2888       SH: 15    Dex:  9      Spells: 17/17 levels left

rFire   . . .        Q - +9 demon whip of Execution {drain, rC++ Will+}
rCold   + + .        O - +0 kite shield
rNeg    + . .        w - melded +8 chain mail of Going Fast {MP+9}
rPois   ∞            s - melded +0 helmet
rElec   .            X - melded +0 cloak
rCorr   .            j - melded +0 pair of gloves {Dex+3}
SInv    .            k - melded +0 pair of boots
Will    ++...        Z - amulet of regeneration
Stlth   +++          o - +4 ring of protection
HPRegen 1.30/turn    K - +6 ring of strength
MPRegen 0.19/turn

%: no passive effects
@: tree-form, heroic, finesse-ful, mesmerised
A: stationary, stasis, torment immunity, boosted hp, sickness immunity, AC +13,
(big wings), negative energy resistance 1, (electricity resistance), torment
resistance 1, petrification resistance
}: 1/15 runes: gossamer
a: Renounce Religion, Heroism, Finesse, Duel, Receive Armour


You were on level 1 of the Shoals.
You worshipped Okawaru.
Okawaru was exalted by your worship.
You were a tree.
You visited 6 branches of the dungeon, and saw 28 of its levels.
You also visited: Ossuary and Gauntlet.

You collected 2888 gold pieces.

Inventory:

Hand Weapons
 Q - the +9 demon whip of Execution (weapon) {drain, rC++ Will+}
   (Okawaru gifted it to you on level 10 of the Dungeon)

   rC++:      It greatly protects you from cold.
   Will+:     It increases your willpower.
Missiles
 h - 19 javelins
 v - 4 darts of dispersal
 x - 44 poisoned darts (quivered)
 F - 6 curare-tipped darts
 H - 51 boomerangs
 P - 14 atropa-tipped darts
 R - 9 silver javelins
 U - 2 throwing nets
 V - 2 datura-tipped darts
Armour
 j - a +0 pair of gloves of dexterity (melded)
 k - a +0 pair of boots (melded)
 s - a +0 helmet (melded)
 w - the +8 chain mail of Going Fast (melded) {MP+9}
   (You found it on level 5 of the Dungeon)

   MP+9:      It affects your magic capacity (+9).
 O - a +0 kite shield (worn)
 X - a +0 cloak (melded)
Jewellery
 c - a ring of resist corrosion
 o - a +4 ring of protection (left branch)
 t - a ring of protection from fire
 K - a +6 ring of strength (right branch)
 M - the amulet "Anink" {Spirit Will+ Str+3}
   (You found it on level 14 of the Dungeon)

   [amulet of guardian spirit]

   Spirit:    It causes incoming damage to be divided between your reserves of
   health and magic.
   Str+3:     It affects your strength (+3).
   Will+:     It increases your willpower.
 Z - an amulet of regeneration (around neck)
Wands
 b - a wand of flame (39)
Scrolls
 e - 7 scrolls of enchant armour
 g - 4 scrolls of enchant weapon {unknown}
 l - 15 scrolls of teleportation
 m - 2 scrolls of amnesia {unknown}
 n - 6 scrolls of identify
 p - 3 scrolls of fear
 q - 4 scrolls of blinking
 y - 2 scrolls of acquirement
 B - 3 scrolls of immolation
 C - 7 scrolls of poison
 D - 6 scrolls of fog
 I - 5 scrolls of revelation
 L - a scroll of vulnerability {unknown}
 S - a scroll of torment {unknown}
Potions
 a - 4 potions of berserk rage {unknown}
 d - 6 potions of might
 f - 9 potions of haste
 i - 4 potions of ambrosia
 r - 5 potions of heal wounds {unknown}
 u - 8 potions of curing
 z - 5 potions of invisibility {unknown}
 A - 2 potions of resistance {unknown}
 E - a potion of magic {unknown}
 G - a potion of brilliance {unknown}
 J - 3 potions of cancellation
 N - 2 potions of attraction {unknown}
 T - 3 potions of enlightenment {unknown}
 Y - 3 potions of lignification
Miscellaneous
 W - a lightning rod (4/4)


   Skills:
 + Level 16.4(21.4) Fighting
 + Level 17.5(22.5) Maces & Flails
 + Level 2.3(7.3) Throwing
 + Level 14.0(19.0) Armour
 + Level 7.1(12.1) Dodging
 - Level 3.1(8.1) Stealth
 + Level 17.2(22.2) Shields
 - Level 10.0 Invocations


You had 17 spell levels left.
You didn't know any spells.
Your spell library contained the following spells:

 Spells                   Type           Power      Damage    Failure   Level
 Apportation              Tloc           0%         N/A       41%         1
 Freeze                   Ice            0%         1d3       41%         1
 Magic Dart               Conj           0%         1d3       41%         1
 Necrotise                Necr           0%         1d4       41%         1
 Sting                    Conj/Alch      0%         1d3       41%         1
 Ensorcelled Hibernation  Hex/Ice        0%         N/A       56%         2
 Jinxbite                 Hex            0%         N/A       56%         2
 Searing Ray              Conj           0%         2d4       56%         2
 Static Discharge         Conj/Air       0%         3-3/arc   56%         2
 Frozen Ramparts          Ice            0%         1d1       80%         3
 Fugue of the Fallen      Necr           0%         N/A       80%         3
 Hailstorm                Conj/Ice       0%         3d5       80%         3
 Inner Flame              Hex/Fire       0%         N/A       80%         3
 Volatile Blastmotes      Fire/Tloc      0%         2d10      80%         3
 Airstrike                Air            0%         2d(0-16)  99%         4
 Anguish                  Hex/Necr       0%         N/A       99%         4
 Dispel Undead            Necr           0%         3d6       99%         4
 Fulminant Prism          Conj/Alch      0%         3d5       99%         4
 Iskenderun's Mystic Bla  Conj/Tloc      0%         2d3       99%         4
 Leda's Liquefaction      Alch/Erth      0%         N/A       99%         4
 Petrify                  Alch/Erth      0%         N/A       99%         4
 Vhi's Electric Charge    Tloc/Air       0%         N/A       99%         4
 Arcjolt                  Conj/Air       0%         1d10      100%        5
 Irradiate                Conj/Alch      0%         3d11      100%        5
 Iskenderun's Battlesphe  Conj           0%         2d6       100%        5
 Metabolic Englaciation   Hex/Ice        0%         N/A       100%        5
 Yara's Violent Unravell  Hex/Alch       0%         3d3       100%        5
 Bombard                  Conj/Erth      0%         9d1       100%        6
 Plasma Beam              Fire/Air       0%         2x1d10    100%        6
 Enfeeble                 Hex            0%         N/A       100%        7
 Ignition                 Fire           0%         3d3       100%        8
 Summon Small Mammal      Summ           Unusable   N/A       N/A         1
 Cigotuvi's Dreadful Rot  Necr/Alch/Air  Unusable   N/A       N/A         2
 Martyr's Knell           Necr/Summ      Unusable   N/A       N/A         4
 Summon Lightning Spire   Summ/Air       Unusable   N/A       N/A         4
 Death Channel            Necr           Unusable   N/A       N/A         6
 Spellforged Servitor     Conj/Summ      Unusable   N/A       N/A         7

Dungeon Overview and Level Annotations

Branches:
Dungeon (15/15)            Temple (1/1) D:4            Lair (5/5) D:10
 Shoals (1/4) Lair:2       Spider (4/4) Lair:3        Slime (0/5) Lair:4
    Orc (2/2) D:9             Elf (0/3) Orc:2        Vaults (0/5) D:13
 Depths (0/4) D:15        Ossuary (visited)         Gauntlet (visited)

Altars:
Ashenzari
Cheibriados
Dithmenos
Elyvilon
Fedhas
Gozag
Hepliaklqana
Kikubaaqudgha
Makhleb
Nemelex Xobeh
Okawaru
Qazlal
Ru
Sif Muna
Trog
Uskayaw
Vehumet
Wu Jian
Xom
Yredelemnul
Zin
The Shining One
Jiyva

Shops:
D:3 (   D:4 =   D:14 =[[!?   D:15 *   Orc:1 !   Orc:2 !([

Annotations:
Spider:4 1 runed translucent door, sono's ghost, adept GrFi


Innate Abilities, Weirdness & Mutations

You are a tree.
Your roots penetrate the ground, keeping you stationary.
You cannot be teleported.
You are immune to unholy pain and torment.
Your maximum health is greatly increased.
Your equipment is partially melded.
You are immune to sickness and miasma.
((Your stone body is resilient. (AC +13)))
You are immune to poison.
((Your large and strong wings let you fly.))
You resist negative energy. (rN+)
((You are resistant to electric shocks. (rElec)))
You are resistant to unholy torment.
You are immune to petrification.


Message History

The manticore is heavily wounded.
You block the manticore's attack. x3
The merfolk siren chants its luring song.
The merfolk javelineer throws a silver javelin.
The silver javelin pierces through you but does no damage.
The merfolk javelineer throws a javelin.
The javelin pierces through you!
* * * LOW HITPOINT WARNING * * *
The merfolk impaler hits you but does no damage.
You thrash the manticore!! You drain the manticore!
You kill the manticore!
Okawaru accepts your kill. You block the merfolk impaler's attack.
You can now deal lightning-fast blows.
The merfolk siren chants its luring song.
The merfolk javelineer throws a silver javelin.
The silver javelin pierces through you but does no damage.
* * * LOW HITPOINT WARNING * * *
The merfolk javelineer throws a javelin.
The javelin barely misses you. You block the merfolk impaler's attack.
The merfolk siren chants its luring song.
The merfolk impaler barely misses you.
The merfolk javelineer throws a silver javelin.
The silver javelin pierces through you!
* * * LOW HITPOINT WARNING * * *
x2 The merfolk javelineer throws a javelin.
The javelin pierces through you!
* * * LOW HITPOINT WARNING * * *
The merfolk impaler hits you but does no damage.
You turn into a tree.
Your +0 cloak melds into your body.
Your +0 helmet melds into your body.
Your +0 pair of gloves of dexterity melds into your body.
Your +0 pair of boots melds into your body.
The +8 chain mail of Going Fast {MP+9} melds into your body.
You feel clumsy.
You feel your magic capacity decrease.
Your roots penetrate the ground.
The merfolk siren chants its luring song.
The merfolk javelineer throws a silver javelin.
The silver javelin pierces through you!!
You die...

#≈.~~~~~~~≈≈≈≈≈≈ ~~ #...
#..~~~~~~~≈≈≈≈≈≈ ~~##~~.
#~~~~≈~~~~≈≈≈≈~~
~≈~~~~##~~~≈≈~~~~~~~~~~
≈~~~.#.~≈≈~~~~~~~~~~~~
#~m. #.~~~~~~~~~~~~~~
#~..##..~~~~~~~~.....
#..mm#...~~≈~~~......
#.m♣#≈..~~~~~~.#####
#..†.#..~~~~~...## #
#....#..~~~~~~~..###
#....#.~~~~~~~~..##>
.......~~~~~~~~....#.
.......~~~~~~~~~~......
.......~~~~~~~.#.~...###
......~~~~~~~..##...####
.....~~~~~~~~~....~.###.


You could see a merfolk impaler, 2 merfolk javelineers and a merfolk siren
(mesmerising).

Vanquished Creatures
  Kirke (Lair:5)
  Roxanne (Spider:2)
  3 ghost moths
  5 emperor scorpions
  2 orc warlords (Orc:2)
  The ghost of Uqorphet the Eclecticist, a journeyman DECj of Vehumet (D:14)
  A stone giant (D:11)
  The ghost of Ytheofip the Cleaver, a journeyman FoFi of Okawaru (D:14)
  The ghost of Cicylist the Cleaver, a journeyman FoFi of Okawaru (D:14)
  A broodmother (Spider:1)
  A minotaur (Gauntlet)
  The ghost of Vukkaba the Basher, a journeyman GrFi of Hepliaklqana (Lair:5)
  4 spark wasps
  The ghost of Kubamp the Thaumaturge, a journeyman DEAE of Sif Muna (Lair:3)
  2 ettins (Orc:2)
  Snorg (Lair:4)
  The ghost of Deesahac the Severer, a journeyman BaFi of Cheibriados (Lair:3)
  3 entropy weavers
  A quicksilver dragon zombie (D:15)
  Harold (D:9)
  An ogre mage (D:13)
  3 jorogumos
  A catoblepas (Lair:1)
  The ghost of Talohosi the Devastator, a journeyman DECj of Vehumet (Lair:3)
  5 centaur warriors
  2 radroaches
  4 hydras (Lair:5)
  7 two-headed ogres
  5 tengu warriors
  2 boulder beetles
  A death knight (D:15)
  4 death yaks
  12 demonic crawlers
  4 orc high priests (Orc:2)
  An occultist (Gauntlet)
  Nergalle (Lair:2)
  2 skysharks (Shoals:1)
  Amaemon (Lair:2)
  11 pharaoh ants
  5 skeletal warriors
  A fire crab (Gauntlet)
  11 orb spiders
  An arcanist (Gauntlet)
  A flayed ghost (D:15)
  4 orc knights (Orc:2)
  4 sun moths
  8 steelbarb worms
  A necromancer (D:15)
  2 lightning spires (Gauntlet)
  A deep elf archer (D:13)
  6 deep elf pyromancers
  11 ugly things
  14 wolf spiders
  5 orc sorcerers
  4 cyclopes
  10 manticores
  A faun (Shoals:1)
  4 moths of wrath
  A black mamba (shapeshifter) (D:14)
  A merfolk siren (Shoals:1)
  4 kobold blastminers (Orc:2)
  3 meliai (Spider:1)
  2 water nymphs (Shoals:1)
  4 black mambas
  An orange demon (Lair:2)
  An unseen horror (shapeshifter) (D:11)
  7 torpor snails
  14 cane toads
  An unseen horror (D:13)
  A kobold demonologist (D:13)
  2 rime drakes (Lair:5)
  3 yaktaurs (D:15)
  3 tengu conjurers
  3 freezing wraiths (D:15)
  5 komodo dragons
  12 trolls
  29 tarantellas
  4 wind drakes
  2 merfolk (Shoals:1)
  6 polar bears
  5 hornets (Lair:5)
  A blink frog (shapeshifter) (D:15)
  13 blink frogs
  A wolf spider simulacrum (D:15)
  A raiju (Gauntlet)
  A jumping spider (shapeshifter) (D:9)
  27 jumping spiders
  10 slime creatures
  A spriggan skeleton (D:15)
  2 shadows
  2 water elementals
  60 yaks
  28 culicivoras
  14 spriggans (Lair:5)
  5 wyverns
  2 fire bats (Gauntlet)
  10 wraiths
  A yak (shapeshifter) (D:11)
  3 basilisks
  5 wargs
  A hog (Lair:5)
  2 humans (Lair:5)
  53 redbacks
  A steam dragon (D:7)
  3 vampire mosquitoes (D:10)
  4 acid dragons
  9 water moccasins
  5 black bears
  41 orc warriors
  An ice beast (D:6)
  17 ogres
  5 boggarts (Lair:5)
  4 centaurs
  23 wolves
  11 kobold brigands
  An elf zombie (Ossuary)
  7 bullfrogs
  2 gnoll sergeants
  3 scorpions
  10 killer bees (D:8)
  3 electric eels
  A bombardier beetle (D:4)
  7 howler monkeys
  A lava snake (D:7)
  3 centaur zombies (Ossuary)
  A human zombie (Ossuary)
  2 hounds
  7 jellies
  38 orc priests
  An iguana (D:4)
  21 orc wizards
  9 hell rats
  5 hound zombies (Ossuary)
  2 mummies (Ossuary)
  14 gnolls
  10 adders
  2 shadow imps (Gauntlet)
  5 white imps
  4 adder zombies (Ossuary)
  2 dart slugs
  A ribbon worm (D:2)
  113 orcs
  8 ball pythons
  3 bats
  9 endoplasms
  2 giant cockroaches
  6 goblins
  4 hobgoblins
  5 jackals
  2 quokkas
  3 frilled lizards (D:1)
  3 gnoll zombies (Ossuary)
  6 jackal zombies (Ossuary)
  15 kobolds
  9 kobold zombies (Ossuary)
  5 orc zombies (Ossuary)
  3 rats
  A butterfly (Spider:1)
1035 creatures vanquished.

Vanquished Creatures (others)
  A merfolk impaler (Shoals:1)
  A jumping spider (Spider:2)
  An orc (Orc:2)
3 creatures vanquished.

Grand Total: 1038 creatures vanquished

Notes
Turn   | Place    | Note
-------+----------+-------------------------------------------
     0 | D:1      | AdnanSaban the Gargoyle Fighter began the quest for the
                  | Orb.
     0 | D:1      | Reached XP level 1. HP: 14/14 MP: 1/1
    77 | D:1      | Reached XP level 2. HP: 18/19 MP: 2/2
   387 | D:1      | Found a faded altar of an unknown god.
   466 | D:1      | Reached XP level 3. HP: 24/24 MP: 3/3
  1055 | D:2      | Found a radiant altar of Vehumet.
  1245 | D:3      | Reached XP level 4. HP: 21/29 MP: 2/4
  1374 | D:3      | Found Qanwuogh's Antique Weapon Boutique.
  1617 | D:3      | Noticed a scorpion
  1626 | D:3      | Killed a scorpion
  1627 | D:3      | Reached XP level 5. HP: 33/33 MP: 5/5
  1937 | D:4      | Found a staircase to the Ecumenical Temple.
  1990 | D:4      | Reached XP level 6. HP: 38/38 MP: 6/6
  2008 | Temple   | Entered the Ecumenical Temple
  2018 | Temple   | Became a worshipper of Warmaster Okawaru
  2199 | D:4      | Found Umoamu Dota's Jewellery Boutique.
  2228 | D:4      | Reached skill level 5 in Maces & Flails
  2228 | D:4      | Reached skill level 1 in Dodging
  2883 | D:5      | Entered Level 5 of the Dungeon
  2887 | D:5      | Reached * piety under Okawaru
  2898 | D:5      | Reached XP level 7. HP: 42/44 MP: 7/7
  2910 | D:5      | Found a glowing golden altar of the Shining One.
  2962 | D:5      | Identified the +8 chain mail of Going Fast {MP+9}
  3130 | D:5      | Found a shadowy altar of Dithmenos.
  3284 | D:5      | Found a sand-covered staircase.
  3290 | Ossuary  | Entered an ossuary
  3511 | Ossuary  | Reached ** piety under Okawaru
  3512 | Ossuary  | Reached XP level 8. HP: 40/48 MP: 6/8
  3644 | Ossuary  | Reached skill level 5 in Fighting
  3806 | D:5      | Found a radiant altar of Vehumet.
  4097 | D:5      | Reached skill level 5 in Armour
  4389 | D:6      | Reached skill level 1 in Stealth
  4709 | D:6      | Reached *** piety under Okawaru
  4880 | D:6      | Noticed a wyvern
  4895 | D:6      | Killed a wyvern
  4922 | D:6      | Reached skill level 5 in Shields
  4922 | D:6      | Reached XP level 9. HP: 45/54 MP: 9/9
  6374 | D:8      | Reached **** piety under Okawaru
  6953 | D:9      | Noticed a two-headed ogre
  6953 | D:9      | Noticed a troll
  6999 | D:8      | Killed a two-headed ogre
  6999 | D:8      | Reached ***** piety under Okawaru
  7000 | D:8      | Reached XP level 10. HP: 25/61 MP: 10/10
  7505 | D:9      | Reached skill level 10 in Maces & Flails
  7580 | D:9      | Noticed a cyclops
  7616 | D:9      | Killed a cyclops
  7617 | D:9      | Reached skill level 1 in Invocations
  7656 | D:9      | Found a shimmering altar of Xom.
  7692 | D:9      | Found a sparkling altar of Nemelex Xobeh.
  7762 | D:9      | Noticed a black mamba
  7772 | D:9      | a black mamba changed into a jumping spider
  7776 | D:9      | Received a gift from Okawaru
  7803 | D:9      | Found a staircase to the Orcish Mines.
  8286 | D:10     | Entered Level 10 of the Dungeon
  8379 | D:10     | Reached XP level 11. HP: 51/67 MP: 13/13
  9001 | D:10     | Reached ****** piety under Okawaru
  9001 | D:10     | Received a gift from Okawaru
  9005 | D:10     | Acquired the +9 demon whip of Execution {drain, rC++ Will+}
  9005 | D:10     | Received a gift from Okawaru
  9164 | D:10     | You fall into a shaft and drop 1 floor!
  9379 | D:11     | Noticed a cyclops
  9382 | D:11     | Killed a cyclops
  9544 | D:11     | Noticed a stone giant
  9554 | D:11     | Killed a stone giant
  9555 | D:11     | Reached skill level 5 in Invocations
  9616 | D:11     | Identified the +1 whip "Ogreslayer" {elec, rPois Int+3}
  9796 | D:11     | Received a gift from Okawaru
 10086 | D:10     | Found a staircase to the Lair.
 10181 | D:10     | Noticed a skeletal warrior
 10203 | D:10     | Killed a skeletal warrior
 10204 | D:10     | Reached XP level 12. HP: 66/75 MP: 15/15
 10233 | D:10     | Found the +5 scythe "Finisher" {speed, execute}
 10504 | Lair:1   | Entered Level 1 of the Lair of Beasts
 10633 | Lair:1   | Received a gift from Okawaru
 10664 | Lair:1   | Noticed a catoblepas
 10676 | Lair:1   | Killed a catoblepas
 10884 | Lair:1   | You fall into a shaft and drop 1 floor!
 10957 | Lair:2   | Noticed Amaemon
 10960 | Lair:2   | Noticed Nergalle
 10974 | Lair:2   | Killed Amaemon
 10979 | Lair:2   | Killed Nergalle
 11109 | Lair:1   | Received a gift from Okawaru
 11160 | Lair:1   | Reached skill level 10 in Armour
 11842 | Lair:2   | Found a staircase to the Shoals.
 11847 | Lair:2   | Received a gift from Okawaru
 11848 | Lair:2   | Reached skill level 10 in Shields
 11848 | Lair:2   | Reached XP level 13. HP: 82/82 MP: 16/16
 11855 | Lair:2   | Reached skill level 10 in Fighting
 12340 | Lair:3   | Found a runed translucent gate.
 12340 | Lair:3   | Found a runed translucent gate.
 12340 | Lair:3   | Found a runed translucent gate.
 12531 | Lair:3   | Received a gift from Okawaru
 12617 | Lair:3   | Found a hole to the Spider Nest.
 12882 | Lair:3   | Noticed Talohosi's ghost (journeyman DECj)
 12882 | Lair:3   | Noticed Kubamp's ghost (journeyman DEAE)
 12882 | Lair:3   | Noticed Deesahac's ghost (journeyman BaFi)
 13103 | Lair:4   | Found a staircase to the Slime Pits.
 13104 | Lair:4   | Found a viscous altar of Jiyva.
 13271 | Lair:4   | Identified the +1 shortbow of Defim {flame, Will+}
 13420 | Lair:4   | Reached skill level 5 in Dodging
 13963 | Lair:5   | Entered Level 5 of the Lair of Beasts
 13980 | Lair:5   | Noticed Snorg
 13996 | Lair:4   | Killed Snorg
 14014 | Lair:5   | Received a gift from Okawaru
 14328 | Lair:5   | Reached skill level 1 in Throwing
 14343 | Lair:5   | Noticed Kirke
 14364 | Lair:5   | Killed Kirke
 14365 | Lair:5   | Gained mutation: Your large and strong wings let you fly.
                  | [Gargoyle growth]
 14365 | Lair:5   | Reached XP level 14. HP: 66/91 MP: 15/17
 14375 | Lair:5   | Received a gift from Okawaru
 14861 | Lair:5   | Received a gift from Okawaru
 15009 | Lair:5   | Identified the +3 falchion "Fettuedi" {drain, *Noise Str+3
                  | Dex+3}
 15136 | Lair:5   | Found a runed translucent door.
 15138 | Lair:5   | Noticed Vukkaba's ghost (journeyman GrFi)
 15563 | Lair:5   | Killed Vukkaba's ghost
 15947 | Orc:1    | Entered Level 1 of the Orcish Mines
 16473 | Orc:1    | Noticed Harold
 16532 | D:9      | Killed Harold
 16598 | Orc:1    | Found Temm's Distillery.
 16708 | Orc:2    | Entered Level 2 of the Orcish Mines
 17202 | Orc:2    | Received a gift from Okawaru
 17361 | Orc:2    | Noticed an orc warlord
 17375 | Orc:2    | Killed an orc warlord
 17378 | Orc:2    | Reached skill level 15 in Maces & Flails
 17453 | Orc:2    | Found Cotukh's Antique Armour Emporium.
 17494 | Orc:2    | Found Xuthim's Distillery.
 17654 | Orc:2    | Received a gift from Okawaru
 17685 | Orc:2    | Reached XP level 15. HP: 90/98 MP: 19/19
 17711 | Orc:2    | Noticed an orc warlord
 17743 | Orc:2    | Killed an orc warlord
 17782 | Orc:2    | Found Eghumionn's Weapon Shop.
 18347 | Orc:2    | Found a staircase to the Elven Halls.
 18758 | Orc:2    | Found Idie's Antique Armour Emporium.
 19463 | D:12     | Received a gift from Okawaru
 20561 | D:13     | Received a gift from Okawaru
 20696 | D:13     | Found a gate to the Vaults.
 20889 | D:14     | Found a gate leading to a gauntlet.
 20897 | Gauntlet | Entered a Gauntlet
 20897 | Gauntlet | Found a large runed translucent door.
 20897 | Gauntlet | Found a large runed translucent door.
 20897 | Gauntlet | Found a large runed translucent door.
 20897 | Gauntlet | Found a large runed translucent door.
 20897 | Gauntlet | Found a runed translucent door.
 20897 | Gauntlet | Found a large runed translucent door.
 20897 | Gauntlet | Found a large runed translucent door.
 20897 | Gauntlet | Found a transporter.
 20897 | Gauntlet | Found a transporter.
 20897 | Gauntlet | Found a large runed translucent door.
 20897 | Gauntlet | Found a large runed translucent door.
 20897 | Gauntlet | Found a runed translucent gate.
 20897 | Gauntlet | Found a runed translucent gate.
 20897 | Gauntlet | Found a transporter.
 20900 | Gauntlet | Found a transporter.
 20903 | Gauntlet | Found a transporter.
 20903 | Gauntlet | Found a transporter.
 20908 | Gauntlet | Found a runed translucent gate.
 20913 | Gauntlet | Found a transporter.
 20917 | Gauntlet | Found a transporter.
 20917 | Gauntlet | Found a transporter.
 20918 | Gauntlet | Found a transporter.
 20930 | Gauntlet | Found a transporter.
 20933 | Gauntlet | Found a transporter.
 20977 | Gauntlet | Found a large runed translucent door.
 20977 | Gauntlet | Found a large runed translucent door.
 20978 | Gauntlet | Found a large runed translucent door.
 20979 | Gauntlet | Found a large runed translucent door.
 20980 | Gauntlet | Found a large runed translucent door.
 20980 | Gauntlet | Found a large runed translucent door.
 20980 | Gauntlet | Found a runed translucent door.
 20981 | Gauntlet | Found a large runed translucent door.
 20982 | Gauntlet | Found a large runed translucent door.
 21322 | Gauntlet | Identified the +0 pair of gloves of the Villain {rElec rF-
                  | Dex+3}
 21410 | Gauntlet | Identified the +0 helmet "Ginted" {rPois}
 21610 | D:14     | Found Paeh's Jewellery Shop.
 21670 | D:14     | Found Lypoq's Armour Shoppe.
 21679 | D:14     | Found Samet's Armour Boutique.
 21683 | D:14     | Found Tixes's Distillery.
 21716 | D:14     | Found Murphafuo's Magic Scroll Shop.
 21767 | D:14     | Identified the +1 whip of the Toothy God {freeze, ^Fragile
                  | Will+ Dex+3}
 21862 | D:14     | Found a runed translucent gate.
 21863 | D:14     | Found a runed translucent gate.
 21864 | D:14     | Found a runed translucent gate.
 22050 | D:14     | Noticed Cicylist's ghost (journeyman FoFi)
 22050 | D:14     | Noticed Uqorphet's ghost (journeyman DECj)
 22050 | D:14     | Noticed Ytheofip's ghost (journeyman FoFi)
 22320 | D:14     | Killed Uqorphet's ghost
 22320 | D:14     | Received a gift from Okawaru
 22347 | D:14     | Killed Cicylist's ghost
 22348 | D:14     | Reached XP level 16. HP: 106/106 MP: 22/22
 22378 | D:14     | Killed Ytheofip's ghost
 22418 | D:14     | Identified the amulet "Anink" {Spirit Will+ Str+3}
 22460 | D:15     | Entered Level 15 of the Dungeon
 22480 | D:15     | Found a staircase to the Depths.
 22756 | D:15     | Received a gift from Okawaru
 23008 | D:15     | Found Suplapli's Neck Hole.
 23303 | D:15     | Identified the +2 ring mail of Greater Demons {Str+5 Int+4
                  | Stlth+}
 23638 | Spider:1 | Entered Level 1 of the Spider Nest
 23788 | Spider:1 | Identified 2 scrolls of acquirement
 24004 | Spider:1 | Received a gift from Okawaru
 24620 | Spider:1 | Reached skill level 15 in Fighting
 25038 | Spider:2 | Reached skill level 15 in Shields
 25173 | Spider:2 | Reached skill level 10 in Invocations
 25432 | Spider:2 | Received a gift from Okawaru
 25486 | Spider:2 | Reached XP level 17. HP: 105/113 MP: 1/24
 26026 | Spider:2 | Noticed Roxanne
 26060 | Spider:2 | Killed Roxanne
 26394 | Spider:3 | Received a gift from Okawaru
 26712 | Spider:3 | Received a gift from Okawaru
 27209 | Spider:4 | Entered Level 4 of the Spider Nest
 27408 | Spider:4 | Received a gift from Okawaru
 28006 | Spider:4 | Reached XP level 18. HP: 88/120 MP: 25/25
 28048 | Spider:4 | Found a runed translucent door.
 28048 | Spider:4 | Found a shimmering altar of Xom.
 28048 | Spider:4 | Noticed sono's ghost (adept GrFi)
 28180 | Spider:4 | Got a gossamer rune of Zot
 28598 | Lair:3   | Killed Kubamp's ghost
 28611 | Lair:3   | Killed Talohosi's ghost
 28617 | Lair:3   | Killed Deesahac's ghost
 28655 | Shoals:1 | Entered Level 1 of the Shoals
 29039 | Shoals:1 | Received a gift from Okawaru
 29130 | Shoals:1 | Hit by a silver javelin thrown by a merfolk javelineer

Illustrated notes

Levels and vault maps discovered:
D:1:      eino_arrival_cavern_d, layout_rooms,
          hellmonk_ecumenical_altar_heavens_door
D:2:      layout_rooms, basic_altar
D:3:      layout_basic, serial_shops, nicolae_square_shop, serial_glass,
          glass_columns_a, glass_columns_a, glass_columns_a, glass_columns_c
D:4:      layout_loops_ring, minmay_temple_entry_slanted, serial_shops, shop
D:5:      layout_basic, nicolae_overflow_hidden_temple,
          mainiacjoe_overflow_catwalk_spiral, nicolae_ossuary_entry_plus
D:6:      layout_loops_ring
D:7:      layout_basic, kennysheep_diamond, uniq_crazy_yiuf_cottage
D:8:      layout_basic
D:9:      layout_rooms, mainiacjoe_overflow_catch_the_wave, erik_orc_3,
          kennysheep_cross_bottleneck
D:10:     wad_crossroads, layout_cave_pools, erik_lair_orcish_takeover,
          minmay_guarded_unrand_finisher
D:11:     layout_loops_ring, minmay_three_doors
D:12:     layout_loops_ring, minivault_11
D:13:     layout_cave_pools, hangedman_vaults_entry_quadrant_bands
D:14:     layout_long_grid, gauntlet_entry_generic, small_statue_intersection,
          gammafunk_ghost_cemetery, minivault_19,
          nicolae_shop_national_dungeon_mall, corexii_hall_statues_t
D:15:     gammafunk_depths_entry_grave, layout_grid_maze, grunt_ministairs_1,
          nicolae_shop_sticking_my_neck_out
Temple:   nicolae_temple_bog_church
Lair:1:   layout_loops_ring, st_stairs_10
Lair:2:   layout_loops_ring, minmay_shoals_entry_beasts,
          chequers_serial_rivers_marsh, uniq_nergalle, uniq_amaemon
Lair:3:   layout_misc_corridors, spider_nest_entry_a, gammafunk_ghost_cemetery,
          serial_bayou_shore_b, lemuel_fruit_fields
Lair:4:   layout_concentric_octagons, nicolae_slime_entry_slimehenge
Lair:5:   minmay_lair_end_enchanted_forest, layout_cave_pods,
          gammafunk_ghost_grave, lookout_lair_type, uniq_snorg, uniq_kirke
Shoals:1: layout_shoals, nicolae_shoals_pincushion_passage
Spider:1: layout_chambers, nicolae_spider_checkerboard
Spider:2: layout_cave_pods, uniq_roxanne
Spider:3: layout_spider_delve, drop_trap
Spider:4: grunt_spider_rune_island, ebering_ghost_xom
Orc:1:    layout_caves, serial_shops, shop, nicolae_orc_stalacmites, uniq_harold
Orc:2:    pubby_orc_utopia

Skill      XL: |  1  2  3  4  5  6  7  8  9 10 11 12 13 14 15 16 17 18 |
---------------+-------------------------------------------------------+-----
Maces & Flails | 3 4 5 6 8 9 10 12 13 14 15 16 17 | 17.5
Fighting       | 4 5 6 7 8 9 11 13 14 15 16 | 16.4
Armour         | 4 6 7 8 9 10 11 12 13 14 | 14.0
Dodging        | 1 2 3 4 5 6 7 |  7.1
Shields        | 4 5 6 7 9 10 11 13 14 15 16 17 | 17.2
Stealth        | 1 2 3 |  3.1
Invocations    | 3 5 8 10 | 10.0
Throwing       | 1 2 |  2.3

Action                     |  1- 3 |  4- 6 |  7- 9 | 10-12 | 13-15 | 16-18 || total
---------------------------+-------+-------+-------+-------+-------+-------++-------
  Melee: Flail             |   126 |    65 |       |       |       |       ||   191
         Whip              |       |    96 |   713 |   564 |       |       ||  1373
         Demon whip        |       |       |       |   311 |  1384 |  1358 ||  3053
  Throw: Dart              |       |       |       |       |    10 |    10 ||    20
         Boomerang         |       |       |       |       |       |    10 ||    10
 Invoke: Receive Weapon    |       |       |       |     1 |       |       ||     1
         Heroism           |       |       |       |     1 |     5 |     3 ||     9
         Finesse           |       |       |       |       |       |     1 ||     1
    Use: Scroll            |       |       |       |       |       |    12 ||    12
         Potion            |       |       |       |       |       |     5 ||     5
 Armour: Scale mail        |   121 |   104 |   240 |       |       |       ||   465
         Chain mail        |       |       |   215 |   496 |   691 |   986 ||  2388
         Skin              |       |       |       |       |       |     1 ||     1
  Dodge: Dodged            |    65 |    70 |   283 |   223 |   333 |   444 ||  1418
  Block: Buckler           |    29 |    21 |   121 |    30 |       |       ||   201
         Kite shield       |       |       |       |   233 |   569 |   849 ||  1651
